AoeStats
← poposchmatz3031

Arabian Desert

509913127Analyzed
1v1 RM · 4d ago on Sep 28, 2026· 24m 52s· 2 players
Game mode
Random Map
Map size
Tiny (2 player)
Population
200
Speed
Normal
Resources
Standard
Victory
Conquest
Starting age
Dark Age
Ending age
Imperial Age
RankedLock teamsTeams togetherTeam positionsShared explorationLock speedFull tech treeHidden civsTurbo modeCheats
Victory
Defeat
🇺🇸 Varangians · United States
1176
+16
🇩🇪 Aztecs · Germany
1167
-16
poposchmatz3031
6:22 Loom
9:33 Feudal Age
10:22 Double-Bit Axe
10:24 Man-at-Arms
11:25 Scale Mail Armor
14:37 Forging
14:35 Arson
14:45 Horse Collar
20:02 Fletching
22:23 Castle Age
22:29 Long Swordsman
Attila's Top Goy
7:45 Loom
10:59 Feudal Age
15:36 Castle Age
Connection lost

Rejoining the realm…

Still unreachable

The connection could not be restored.

Session expired

The server has moved on; the page needs a fresh start.